 Dungeon Crawl Stone Soup version 0.21.1-1-g345015f (webtiles) character file.

214735 keltmir the Bludgeoner (level 18, -9/145 HPs)
             Began as a Demonspawn Fighter on Mar 25, 2018.
             Was a High Priest of Qazlal.
             Shot with a bolt by a naga sharpshooter (12 damage)
             ... on level 4 of the Snake Pit.
             The game lasted 03:13:41 (46691 turns).

keltmir the Bludgeoner (Demonspawn Fighter)        Turns: 46691, Time: 03:13:43

Health: -9/145     AC: 27    Str: 27    XL:     18   Next: 31%
Magic:  31/31      EV:  9    Int: 10    God:    Qazlal [*****.]
Gold:   2906       SH: 11    Dex: 19    Spells: 17/19 levels left

rFire    + . .     SeeInvis .   b - +3 great mace
rCold    + + .     Gourm    .   (shield currently unavailable)
rNeg     + . .     Faith    .   X - +0 plate armour {rN+}
rPois    .         Spirit   .   (helmet unavailable)
rElec    +         Reflect  +   (no cloak)
rCorr    +         Harm     .   Z - +0 pair of gloves
MR       +....                  V - +0 pair of boots "Toul" {rPois Str+3}
Stlth    ..........             i - +5 amulet of reflection
HPRegen  0.34/turn              r - +6 ring of dexterity
MPRegen  0.22/turn              J - +5 ring of protection

@: resistant, poison vulnerable, protected from physical damage, very slightly
contaminated, repel missiles
A: horns 3, cold resistance 1, spiny 1, freezing cloud immunity, sturdy frame 2
}: 1/15 runes: decaying
a: Upheaval, Elemental Force, Disaster Area, Renounce Religion


You were on level 4 of the Snake Pit.
You worshipped Qazlal.
Qazlal was extremely pleased with you.
You were not hungry.

You visited 6 branches of the dungeon, and saw 32 of its levels.

You collected 2988 gold pieces.
You spent 82 gold pieces at shops.

Inventory:

Hand Weapons
 b - a +3 great mace (weapon)
 j - a +0 blowgun
 t - a +0 dire flail
Missiles
 C - 7 curare-tipped needles
Armour
 V - the +0 pair of boots "Toul" (worn) {rPois Str+3}
   (You found it on level 1 of the Snake Pit)

   It affects your strength (+3).
   It protects you from poison.
 X - a +0 plate armour of positive energy (worn)
 Z - a +0 pair of gloves (worn)
Jewellery
 i - a +5 amulet of reflection (around neck)
 m - a cursed -6 ring of intelligence
 p - an uncursed ring of stealth
 r - a +6 ring of dexterity (left hand)
 D - an uncursed ring of fire
 J - a +5 ring of protection (right hand)
 N - an uncursed ring of protection from cold
Wands
 a - a wand of iceblast (20)
 k - a wand of disintegration (30)
 R - a wand of scattershot (6)
 S - a wand of enslavement (49)
 U - a wand of flame (24)
 W - a wand of acid (6)
Scrolls
 d - 2 scrolls of blinking
 e - 19 scrolls of remove curse
 l - 14 scrolls of teleportation
 o - 9 scrolls of amnesia
 s - 4 scrolls of fear
 u - 12 scrolls of identify
 y - a scroll of summoning
 M - 6 scrolls of magic mapping
 P - 5 scrolls of enchant armour
Potions
 g - 3 potions of curing
 n - 2 potions of cancellation
 v - 3 potions of magic
 x - 4 potions of ambrosia
 B - a potion of haste
 E - a potion of might
 H - 3 potions of agility
 I - 3 potions of brilliance
 O - a potion of berserk rage
 T - a potion of flight
Books
 q - a book of Frost

   Spells                             Type                      Level
   a - Freeze                         Ice                          1
   b - Throw Frost                    Conjuration/Ice              2
   c - Ozocubu's Armour               Charms/Ice                   3
   d - Throw Icicle                   Conjuration/Ice              4
   e - Summon Ice Beast               Ice/Summoning                4
Miscellaneous
 c - a phantom mirror
Comestibles
 f - 46 rations


   Skills:
 + Level 13.9 Fighting
 - Level 20.0 Maces & Flails
 + Level 12.8 Armour
   Level 2.6 Shields
 - Level 1.1 Spellcasting
 - Level 1.1 Charms
 + Level 18.1 Invocations
 - Level 4.0 Evocations


You had 17 spell levels left.
You knew the following spells:

 Your Spells              Type           Power        Failure   Level  Hunger
a - Song of Slaying       Chrm           #.......     71%         2    ###....


Dungeon Overview and Level Annotations

Branches:
Dungeon (15/15)            Temple (1/1) D:5            Lair (6/6) D:8
  Swamp (4/4) Lair:2        Snake (4/4) Lair:3        Slime (0/5) Lair:6
    Orc (2/2) D:12            Elf (0/3) Orc:2        Vaults (0/5) D:13
 Depths (0/5) D:15

Altars:
Ashenzari
Cheibriados
Dithmenos
Elyvilon
Fedhas
Gozag
Hepliaklqana
Kikubaaqudgha
Makhleb
Nemelex Xobeh
Okawaru
Qazlal
Ru
Sif Muna
Trog
Uskayaw
Vehumet
Wu Jian
Xom
Yredelemnul
Zin
The Shining One
Jiyva

Shops:
D:5 *   D:10 :%   D:12 [   Orc:1 ?!}   Orc:2 !(:=   Snake:2 %?


Innate Abilities, Weirdness & Mutations

You have a pair of large horns on your head.
Your flesh is cold resistant. (rC+)
You are partially covered in sharp spines.
You are immune to freezing clouds.
Your movements are less encumbered by armour. (ER -4)


Message History

The bolt hits you but does no damage.
Okay, then.
Okay, then.
You feel protected.
You hear an angry hiss.
The naga hits you but does no damage.
The naga sharpshooter mumbles some strange words.
The naga sharpshooter magically shoots a bolt.
The bolt hits you!!
* * * LOW HITPOINT WARNING * * *
Okay, then.
Blink to where?
Press: ? - help, Dir - move target cursor
As you read the scroll of blinking, it crumbles to dust.
A naga mage comes into view. It is wielding a spear.
The naga mage shouts!
You hear a shout! x2
The naga mage mumbles some strange words.
The naga mage seems to speed up.
The naga sharpshooter shoots a bolt.
The bolt hits you!
You die...

...N .# .... .. .N....
..# ..S... . ..N# ...
.... ##.. .... #N. .N#
..... ....##N# #
#.##......
.....N###.######@.......
#....(....§.§N..§§....[.
###..........N.......###
#######..§.§..######
#########


You could see a naga sharpshooter, a black mamba, 3 naga magi and a naga.

Vanquished Creatures
  Jorgrun (Swamp:2)
  2 thorn hunters
  A nagaraja (Snake:4)
  3 orc warlords (D:12)
  The ghost of Exporg the Severer, a journeyman HOFi of the Shining One (D:15)
  A very ugly thing (Swamp:3)
  Azrael (Snake:1)
  An ettin (D:12)
  An ogre mage (D:14)
  A fire dragon (D:15)
  24 hydras
  11 naga warriors
  3 vault guards
  2 ghost crabs
  Erolcha (D:13)
  2 catoblepae (Lair:5)
  10 anacondas
  3 centaur warriors
  7 two-headed ogres
  Urug (Lair:3)
  3 orc high priests (Orc:2)
  13 alligators
  5 shock serpents
  10 naga sharpshooters
  4 salamander mystics (Snake:3)
  18 skeletal warriors
  The ghost of Mirai the Thaumaturge, a novice DECj of Vehumet (D:9)
  A spriggan druid (Swamp:2)
  An unseen horror (D:13)
  7 naga ritualists
  2 deep elf magi
  A necromancer (D:13)
  4 wizards
  6 orc knights
  2 shambling mangroves
  10 swamp dragons
  5 mana vipers
  20 ugly things
  A wolf spider (D:15)
  5 manticores
  4 orc sorcerers (Orc:2)
  15 salamanders
  5 elephants (Lair:5)
  3 guardian serpents (Snake:3)
  2 gargoyles
  26 black mambas
  A torpor snail (Lair:5)
  17 naga magi
  18 spiny frogs
  The ghost of Shinoi the Archer, a novice CeHu (D:4)
  5 centaur skeletons
  A komodo dragon (shapeshifter) (D:15)
  A rime drake (Lair:5)
  7 komodo dragons
  A yaktaur (D:13)
  An efreet (D:15)
  A tengu conjurer (D:15)
  11 trolls
  2 polar bears
  21 blink frogs
  13 hornets
  7 tyrant leeches
  Prince Ribbit (D:9)
  14 dream sheep
  8 hippogriffs
  44 slime creatures
  2 bog bodies
  Sigmund (D:6)
  A meliai zombie (D:11)
  13 spriggans
  A vampire (D:14)
  25 yaks
  3 basilisks
  4 wyverns
  3 fire elementals (Snake:1)
  17 humans
  4 hogs
  A hungry ghost (D:13)
  32 vampire mosquitoes
  11 insubstantial wisps
  2 wargs (Orc:2)
  4 hell hounds (Snake:1)
  2 soldier ants
  24 swamp worms
  An acid dragon (D:11)
  48 nagas
  Edmund (D:6)
  11 porcupines
  15 water moccasins
  15 swamp drakes
  2 ice beasts
  10 sky beasts
  An eye of draining (D:14)
  41 orc warriors
  5 black bears (Lair:6)
  4 necrophages (D:8)
  A phantom (D:8)
  A hornet zombie (D:9)
  15 wolves (Lair:6)
  5 boggarts
  11 ogres
  14 centaurs
  13 crocodiles
  A big kobold (D:11)
  15 bullfrogs
  A wyvern zombie (D:10)
  A gnoll sergeant (D:9)
  A wyvern skeleton (D:14)
  6 scorpions
  3 killer bees (D:11)
  5 wights (D:10)
  9 howler monkeys
  2 electric eels
  4 crimson imps
  A quasit (D:11)
  A bullfrog zombie (D:12)
  5 centaur zombies
  3 jellies
  19 orc priests
  5 hounds
  31 orc wizards
  Jessica (D:2)
  4 iguanas
  7 worker ants
  A howler monkey zombie (D:8)
  Robin (D:1)
  A howler monkey skeleton (D:5)
  A worker ant zombie (D:5)
  8 adders
  12 gnolls
  4 shadow imps
  12 white imps (Lair:4)
  2 oozes
  An adder zombie (D:8)
  An adder skeleton (D:4)
  4 worms
  3 leopard geckos
  99 orcs
  5 giant cockroaches
  12 goblins
  8 hobgoblins
  23 jackals
  4 quokkas
  5 bats
  4 frilled lizards
  6 kobolds
  A leopard gecko skeleton (D:4)
  A leopard gecko zombie (D:5)
  5 rats
  A bush (D:8)
1140 creatures vanquished.

Vanquished Creatures (collateral kills)
  Kirke (Lair:5)
  A hog (Lair:5)
  A crocodile (Lair:5)
3 creatures vanquished.

Vanquished Creatures (others)
  A naga sharpshooter (Snake:3)
  A mana viper (Snake:3)
  A human (Lair:5)
  A vampire mosquito (Swamp:1)
  A centaur (D:13)
  2 orc wizards
  2 orcs (Orc:2)
  7 fungi
  3 plants
19 creatures vanquished.

Grand Total: 1162 creatures vanquished

Notes
Turn   | Place    | Note
-------+----------+-------------------------------------------
     0 | D:1      | keltmir the Demonspawn Fighter began the quest for the Orb.
     0 | D:1      | Reached XP level 1. HP: 18/18 MP: 1/1
   101 | D:1      | Reached skill level 2 in Maces & Flails
   356 | D:1      | Gained mutation: Your movements are slightly less encumbered by armour. (ER -2) [demonic ancestry]
   356 | D:1      | Reached XP level 2. HP: 12/24 MP: 2/2
   897 | D:1      | You fall through a shaft!
  1138 | D:2      | Reached XP level 3. HP: 18/29 MP: 3/3
  1620 | D:2      | Noticed Jessica
  1633 | D:2      | Killed Jessica
  1633 | D:2      | Reached skill level 3 in Maces & Flails
  1633 | D:2      | Reached XP level 4. HP: 25/35 MP: 4/4
  1873 | D:2      | Noticed Robin
  2061 | D:1      | Killed Robin
  3181 | D:3      | Gained mutation: Your flesh is cold resistant. (rC+) [demonic ancestry]
  3181 | D:3      | Reached XP level 5. HP: 22/42 MP: 5/5
  3560 | D:4      | Reached skill level 4 in Maces & Flails
  3951 | D:4      | Noticed Shinoi's ghost (novice CeHu)
  3966 | D:4      | Killed Shinoi's ghost
  3966 | D:4      | Reached skill level 5 in Maces & Flails
  3966 | D:4      | Gained mutation: You have a pair of small horns on your head. [demonic ancestry]
  3966 | D:4      | Reached XP level 6. HP: 21/49 MP: 6/6
  3966 | D:4      | Reached XP level 7. HP: 24/55 MP: 7/7
  4396 | D:5      | Entered Level 5 of the Dungeon
  4402 | D:5      | Found a burning altar of Makhleb.
  4416 | D:5      | Reached skill level 5 in Fighting
  4539 | D:5      | Found Dagausef's Assorted Antiques.
  4855 | D:5      | Reached skill level 6 in Maces & Flails
  5227 | D:5      | Found a staircase to the Ecumenical Temple.
  5245 | Temple   | Entered the Ecumenical Temple
  5298 | Temple   | Became a worshipper of Qazlal Stormbringer
  5327 | D:5      | Found a radiant altar of Vehumet.
  5398 | D:5      | Gained mutation: Your movements are less encumbered by armour. (ER -4) [demonic ancestry]
  5398 | D:5      | Reached XP level 8. HP: 61/63 MP: 8/8
  5504 | D:5      | Reached skill level 5 in Armour
  5716 | D:6      | Reached skill level 1 in Invocations
  5737 | D:6      | Found a hazy altar of Hepliaklqana.
  5737 | D:6      | Found a bloodstained altar of Trog.
  5742 | D:6      | Found a faded altar of an unknown god.
  5742 | D:6      | Noticed Edmund
  5765 | D:6      | Killed Edmund
  5914 | D:6      | Found a basalt altar of Yredelemnul.
  5916 | D:6      | Found a shimmering altar of Xom.
  6055 | D:6      | Noticed Sigmund
  6367 | D:5      | Reached skill level 7 in Maces & Flails
  7248 | D:6      | Found a hazy altar of Hepliaklqana.
  7372 | D:6      | Killed Sigmund
  7372 | D:6      | Reached * piety under Qazlal
  7596 | D:6      | Noticed a deep elf mage
  7980 | D:6      | Gained mutation: You have a pair of horns on your head. [demonic ancestry]
  7980 | D:6      | Reached XP level 9. HP: 70/70 MP: 10/12
  8082 | D:7      | Found a hide-covered altar of Uskayaw.
  8325 | D:7      | Reached skill level 8 in Maces & Flails
  8620 | D:7      | Found a sacrificial altar of Ru.
  8723 | D:8      | Reached skill level 5 in Invocations
  8733 | D:8      | Found an opulent altar of Gozag.
  8902 | D:8      | Reached ** piety under Qazlal
  9019 | D:8      | Noticed a two-headed ogre
  9033 | D:8      | Killed a two-headed ogre
  9033 | D:8      | Reached skill level 9 in Maces & Flails
  9033 | D:8      | Reached XP level 10. HP: 53/79 MP: 14/14
  9323 | D:8      | Found a shadowy altar of Dithmenos.
  9669 | D:8      | Found a blossoming altar of Fedhas.
  9712 | D:8      | Found a staircase to the Lair.
 10123 | D:9      | Noticed Prince Ribbit
 10128 | D:9      | Killed Prince Ribbit
 10255 | D:9      | Noticed Mirai's ghost (novice DECj)
 10302 | D:9      | Killed Mirai's ghost
 10302 | D:9      | Reached *** piety under Qazlal
 10302 | D:9      | Reached skill level 10 in Maces & Flails
 11151 | D:9      | Found an iron altar of Okawaru.
 11291 | D:9      | Found a glowing silver altar of Zin.
 11577 | D:10     | Entered Level 10 of the Dungeon
 11577 | D:10     | Found Qoarusk's Food Shop.
 11656 | D:10     | Noticed a two-headed ogre
 11663 | D:10     | Killed a two-headed ogre
 11674 | D:10     | Got a faintly glowing long sword
 11675 | D:10     | Identified the cursed +3 long sword of Crusades {drain, rC+ Stlth+} (You found it on level 10 of the Dungeon)
 11727 | D:10     | Reached XP level 11. HP: 62/84 MP: 17/17
 11956 | D:10     | Found Nauschiu's Book Shop.
 11987 | D:10     | Found a glowing golden altar of the Shining One.
 12381 | D:11     | Reached **** piety under Qazlal
 12702 | D:11     | Got a pair of shimmering boots
 12713 | D:11     | Identified the cursed +0 pair of boots of the Jolly Lives {rPois} (You found it on level 11 of the Dungeon)
 13214 | D:12     | Noticed a cyan ugly thing
 13224 | D:12     | Killed a cyan ugly thing
 13224 | D:12     | Reached skill level 11 in Maces & Flails
 13904 | D:12     | Noticed a green ugly thing
 13911 | D:12     | Killed a green ugly thing
 13911 | D:12     | Reached skill level 10 in Invocations
 14374 | D:12     | Found a staircase to the Orcish Mines.
 14454 | D:12     | Found Evoschar's Antique Armour Shop.
 14729 | Lair:1   | Entered Level 1 of the Lair of Beasts
 14759 | D:8      | Reached XP level 12. HP: 93/93 MP: 19/19
 15669 | Lair:2   | Reached skill level 12 in Maces & Flails
 15692 | Lair:2   | Noticed an eight-headed hydra
 15702 | Lair:2   | Killed an eight-headed hydra
 15859 | Lair:1   | Reached skill level 10 in Fighting
 16032 | Lair:2   | Reached ***** piety under Qazlal
 16549 | Lair:2   | Found a staircase to the Swamp.
 17172 | Lair:3   | Noticed Urug
 17196 | Lair:3   | Killed Urug
 17223 | Lair:3   | Found a staircase to the Snake Pit.
 17739 | Lair:4   | Reached skill level 13 in Maces & Flails
 18216 | Lair:4   | Gained mutation: You are partially covered in sharp spines. [demonic ancestry]
 18216 | Lair:4   | Reached XP level 13. HP: 92/101 MP: 21/21
 18351 | Lair:4   | Found a frozen archway.
 19208 | Lair:5   | Noticed Kirke
 19402 | Lair:5   | Killed Kirke
 19402 | Lair:5   | Reached skill level 14 in Maces & Flails
 21064 | Lair:6   | Entered Level 6 of the Lair of Beasts
 21307 | Lair:5   | Reached skill level 15 in Maces & Flails
 22627 | Lair:6   | Found a burning altar of Makhleb.
 22698 | Lair:6   | Reached skill level 1 in Evocations
 22876 | Lair:6   | Found a staircase to the Slime Pits.
 22878 | Lair:6   | Found a viscous altar of Jiyva.
 23005 | Lair:6   | Reached XP level 14. HP: 101/111 MP: 22/22
 23067 | Lair:6   | Got a steaming hunting sling
 23068 | Lair:6   | Identified the +9 hunting sling of the Fifty Moons {flame, Dex+3} (You found it on level 6 of the Lair of Beasts)
 24041 | D:12     | Reached skill level 10 in Armour
 24516 | D:13     | Noticed Erolcha
 24529 | D:13     | Killed Erolcha
 24726 | D:13     | Reached ****** piety under Qazlal
 25493 | D:13     | Paralysed by a wizard for 7 turns
 25656 | D:13     | Found a gate to the Vaults.
 26334 | D:14     | Learned a level 2 spell: Song of Slaying
 26565 | D:14     | Reached skill level 1 in Spellcasting
 26565 | D:14     | Reached skill level 1 in Charms
 26616 | D:13     | Gained mutation: You have a pair of large horns on your head. [demonic ancestry]
 26616 | D:13     | Reached XP level 15. HP: 71/121 MP: 24/24
 27310 | D:15     | Entered Level 15 of the Dungeon
 27325 | D:15     | Noticed Exporg's ghost (journeyman HOFi)
 27338 | D:15     | HP: 2/122 [something/vampiric draining (17)]
 28875 | D:15     | Got a fine quarterstaff {speed}
 29214 | D:15     | Killed Exporg's ghost
 29318 | D:15     | Found a sacrificial altar of Ru.
 29418 | D:15     | Found a staircase to the Depths.
 29779 | Orc:1    | Entered Level 1 of the Orcish Mines
 29808 | Orc:1    | Noticed an orc warlord
 30157 | D:12     | Killed an orc warlord
 30516 | Orc:1    | Noticed an orc warlord
 30534 | D:12     | Killed an orc warlord
 30647 | Orc:1    | Noticed an orc warlord
 30665 | D:12     | Killed an orc warlord
 30867 | Orc:1    | Identified the cursed +1 quarterstaff "Maihosa" {speed, rPois rC+ Dex-5} (You took it off a salamander on level 15 of the Dungeon)
 30931 | Orc:1    | Found Huexupp's Gadget Emporium.
 30983 | Orc:1    | Found Ushaqunt's Distillery.
 31232 | Orc:1    | Found Liusiah's Magic Scroll Boutique.
 31444 | Orc:2    | Entered Level 2 of the Orcish Mines
 32574 | Orc:2    | Found a staircase to the Elven Halls.
 32696 | Orc:2    | Reached skill level 15 in Invocations
 33139 | Orc:2    | Reached skill level 16 in Maces & Flails
 33139 | Orc:2    | Gained mutation: You are immune to freezing clouds. [demonic ancestry]
 33139 | Orc:2    | Reached XP level 16. HP: 131/131 MP: 27/27
 33266 | Orc:2    | Found Ikkador's Distillery.
 33266 | Orc:2    | Found Eckoher's Jewellery Shop.
 33268 | Orc:2    | Found Wovvypa's Antique Weapon Emporium.
 33268 | Orc:2    | Found Utaicysk's Book Shop.
 33613 | Swamp:1  | Entered Level 1 of the Swamp
 33668 | Swamp:1  | Paralysed by a hornet for 3 turns
 33932 | Swamp:1  | Noticed a thorn hunter
 34111 | Lair:2   | Killed a thorn hunter
 35302 | Swamp:2  | Reached skill level 17 in Maces & Flails
 35360 | Swamp:2  | Noticed Jorgrun
 35501 | Swamp:2  | Killed Jorgrun
 35557 | Swamp:2  | Found a shattered altar of Ashenzari.
 37503 | Swamp:4  | Entered Level 4 of the Swamp
 37514 | Swamp:4  | Noticed a thorn hunter
 37802 | Swamp:3  | Killed a thorn hunter
 38309 | Swamp:3  | Reached skill level 18 in Maces & Flails
 38773 | Swamp:4  | Reached XP level 17. HP: 125/137 MP: 27/29
 38829 | Swamp:4  | Paralysed by a hornet for 1 turns
 39457 | Swamp:4  | Got a decaying rune of Zot
 40071 | Snake:1  | Entered Level 1 of the Snake Pit
 40662 | Snake:1  | Noticed Azrael
 40674 | Snake:1  | Killed Azrael
 41471 | Snake:1  | Got a pair of smoking boots
 41482 | Snake:1  | Identified the +0 pair of boots "Toul" {rPois Str+3} (You found it on level 1 of the Snake Pit)
 41776 | Snake:2  | Reached skill level 19 in Maces & Flails
 42033 | Snake:2  | Found Jyppaoss's Food Shoppe.
 42040 | Snake:2  | Found Jaumioz's Magic Scroll Emporium.
 42268 | Snake:2  | Bought a scroll of enchant armour for 82 gold pieces
 44457 | Snake:4  | Entered Level 4 of the Snake Pit
 44595 | Snake:4  | Reached XP level 18. HP: 128/144 MP: 22/30
 46664 | Snake:4  | Reached skill level 20 in Maces & Flails
 46690 | Snake:4  | HP: 3/145 [naga sharpshooter/bolt (24)]
 46691 | Snake:4  | Shot with a bolt by a naga sharpshooter

Skill      XL: |  1  2  3  4  5  6  7  8  9 10 11 12 13 14 15 16 17 18 |
---------------+-------------------------------------------------------+-----
Maces & Flails | 2 3 5 6 7 9 10 11 13 15 16 18 19 20 | 20.0
Armour         | 3 4 5 6 7 8 9 11 12 | 12.8
Fighting       | 4 5 6 7 8 9 10 12 13 | 13.9
Invocations    | 4 6 8 10 11 12 15 16 17 18 | 18.1
Evocations     | 2 4 |  4.0
Spellcasting   | 1 |  1.1
Charms         | 1 |  1.1
Shields        | |  2.6

Action                   |  1- 3 |  4- 6 |  7- 9 | 10-12 | 13-15 | 16-18 || total
-------------------------+-------+-------+-------+-------+-------+-------++-------
Melee: Flail             |    91 |   147 |    96 |       |       |       ||   334
       Headbutt          |       |       |    77 |   217 |   411 |   318 ||  1023
       Dire flail        |       |       |   178 |   808 |  1296 |       ||  2282
       Unarmed           |       |       |       |       |     3 |       ||     3
       Great mace        |       |       |       |       |    20 |   979 ||   999
 Fire: Blowgun           |       |       |     7 |       |       |       ||     7
Throw: Tomahawk          |       |     5 |       |       |       |       ||     5
Invok: Disaster Area     |       |       |       |       |     4 |     4 ||     8
       Elemental Force   |       |       |       |       |     4 |       ||     4
       Upheaval          |       |       |       |       |     2 |    19 ||    21
Evoke: Wand              |       |       |     6 |       |     1 |       ||     7
  Use: Scroll            |     1 |     4 |     9 |    12 |    10 |     6 ||    42
       Potion            |     1 |     2 |     2 |       |     3 |    12 ||    20
 Stab: Paralysed         |       |       |     1 |       |       |       ||     1
       Distracted        |       |       |       |       |     2 |       ||     2
       Confused          |       |       |       |       |       |     1 ||     1
  Eat: Chunk             |     2 |     8 |    13 |    26 |    34 |    15 ||    98
       Ration            |       |       |     1 |     1 |     4 |     9 ||    15
Armor: Scale mail        |    33 |    59 |    52 |       |       |       ||   144
       Plate armour      |       |       |    26 |   271 |   447 |   595 ||  1339
       Skin              |       |       |       |       |     1 |       ||     1
Dodge: Dodged            |    31 |    46 |    79 |   197 |   236 |   283 ||   872
       Deflected         |       |       |       |    10 |    17 |    47 ||    74
Block: Shield            |    67 |   142 |    69 |       |       |       ||   278
       Reflection        |     1 |     1 |     1 |    22 |    30 |    63 ||   118
       Other             |       |       |    40 |   317 |   570 |   591 ||  1518
